General information
- name: BNet
- type: Ladder team game (AT/RT)
- host: Battle.net
- saver: bLinn
map: SunrockCove
- players: 6
- length: 79:53
- speed: Fast
- version: 1.21 W3XP
- replay type:

» download(491 KB)
Players
team 1 (winner)
bLinn (
green | 53 APM | 4257 actions | 79:53)
9 Blademaster
3 Wind Walk
3 Critical Strike
2 Bladestorm
1 Mirror Image
» actions
| Assign group hotkey | 553 | |
| Basic commands | 25 | |
| Build / train | 119 | |
| ESC pressed | 1 | |
| Enter build submenu | 156 | |
| Enter hero's abilities submenu | 8 | |
| Give item / drop item | 3 | |
| Right click | 1575 | |
| Select / deselect | 868 | |
| Select group hotkey | 389 | |
| Use ability | 559 | |
4257 total
» units
| Peon | 28 | |
| Troll Batrider | 50 | |
| Goblin Zeppelin | 1 | |
| Demolisher | 1 | |
80 total
» upgrades
| Spiked Barricades | 1 | |
| Liquid Fire | 1 | |
| Reinforced Defenses | 1 | |
3 total
» buildings
| Altar of Storms | 2 | |
| Orc Burrow | 11 | |
| War Mill | 2 | |
| Watch Tower | 169 | |
| Voodoo Lounge | 2 | |
| Stronghold | 5 | |
| Great Hall | 2 | |
| Beastiary | 4 | |
| Fortress | 2 | |
| Barracks | 1 | |
200 total
» build order
00:03 Altar of Storms
00:14 Orc Burrow
00:43 War Mill
01:51 Orc Burrow
01:58 Watch Tower
01:59 Watch Tower
02:14 Watch Tower
02:16 Watch Tower
03:01 Watch Tower
03:02 Watch Tower
03:09 Orc Burrow
03:14 Watch Tower
03:15 Watch Tower
03:19 Watch Tower
03:54 Watch Tower
04:04 Voodoo Lounge
04:27 Watch Tower
04:31 Watch Tower
04:46 Stronghold
04:46 Stronghold
04:53 Watch Tower
05:38 Watch Tower
05:41 Watch Tower
05:53 Great Hall
06:09 Watch Tower
06:33 Watch Tower
06:34 Watch Tower
06:48 Watch Tower
07:02 Watch Tower
07:04 Watch Tower
07:05 Watch Tower
07:06 Watch Tower
07:07 Watch Tower
07:20 Watch Tower
07:22 Watch Tower
07:23 Watch Tower
07:24 Watch Tower
07:25 Watch Tower
08:06 Watch Tower
08:07 Watch Tower
08:15 Watch Tower
08:32 Beastiary
08:36 Beastiary
09:16 Watch Tower
09:36 Watch Tower
09:42 Watch Tower
09:44 Watch Tower
09:50 Watch Tower
10:13 Fortress
10:14 Fortress
10:36 Watch Tower
10:42 Watch Tower
11:08 Watch Tower
11:09 Watch Tower
11:12 Watch Tower
11:13 Watch Tower
11:14 Watch Tower
11:41 Watch Tower
11:59 Orc Burrow
12:24 Watch Tower
12:36 Watch Tower
13:15 Watch Tower
13:21 Watch Tower
13:37 Watch Tower
13:48 Watch Tower
13:49 Watch Tower
14:25 Watch Tower
14:29 Watch Tower
14:47 Watch Tower
15:37 Watch Tower
15:58 Watch Tower
16:33 Watch Tower
16:35 Watch Tower
16:35 Watch Tower
16:37 Watch Tower
16:51 Watch Tower
16:53 Watch Tower
17:45 Watch Tower
18:09 Watch Tower
18:10 Watch Tower
18:11 Watch Tower
18:13 Watch Tower
18:15 Watch Tower
18:15 Watch Tower
18:17 Watch Tower
18:21 Great Hall
18:24 Watch Tower
18:25 Watch Tower
18:26 Watch Tower
18:26 Watch Tower
19:22 Watch Tower
19:23 Watch Tower
19:23 Watch Tower
21:01 Altar of Storms
21:06 Orc Burrow
21:23 Beastiary
21:28 Beastiary
23:19 Watch Tower
23:21 Watch Tower
23:24 Watch Tower
23:58 Watch Tower
23:59 Watch Tower
25:28 Watch Tower
25:30 Watch Tower
25:31 Watch Tower
25:32 Watch Tower
25:33 Watch Tower
25:33 Watch Tower
25:37 Watch Tower
25:38 Watch Tower
25:40 Watch Tower
25:42 Watch Tower
25:44 Watch Tower
25:51 Voodoo Lounge
29:40 Orc Burrow
29:42 Orc Burrow
29:44 Orc Burrow
29:54 War Mill
30:51 Orc Burrow
30:52 Orc Burrow
30:53 Orc Burrow
31:00 Stronghold
31:22 Watch Tower
31:24 Watch Tower
31:25 Watch Tower
31:26 Watch Tower
31:27 Watch Tower
31:34 Watch Tower
31:35 Watch Tower
31:36 Watch Tower
31:38 Watch Tower
31:39 Watch Tower
31:41 Watch Tower
31:42 Watch Tower
31:44 Watch Tower
31:45 Watch Tower
31:46 Watch Tower
31:47 Watch Tower
31:48 Watch Tower
31:49 Watch Tower
31:50 Watch Tower
31:51 Watch Tower
31:53 Watch Tower
36:04 Watch Tower
36:05 Watch Tower
36:06 Watch Tower
36:07 Watch Tower
36:33 Watch Tower
37:43 Watch Tower
37:53 Watch Tower
37:55 Watch Tower
39:30 Watch Tower
39:33 Watch Tower
40:23 Watch Tower
40:25 Watch Tower
40:27 Watch Tower
40:28 Watch Tower
40:30 Watch Tower
41:06 Watch Tower
42:17 Watch Tower
42:17 Watch Tower
42:18 Watch Tower
42:20 Watch Tower
42:49 Watch Tower
43:13 Watch Tower
44:17 Watch Tower
44:19 Watch Tower
44:19 Watch Tower
44:20 Watch Tower
44:22 Watch Tower
44:23 Watch Tower
48:01 Watch Tower
48:03 Watch Tower
48:03 Watch Tower
48:05 Watch Tower
50:31 Watch Tower
50:32 Watch Tower
50:33 Watch Tower
50:34 Watch Tower
50:35 Watch Tower
50:36 Watch Tower
53:24 Watch Tower
53:24 Watch Tower
53:25 Watch Tower
53:28 Watch Tower
53:31 Watch Tower
53:33 Watch Tower
53:38 Watch Tower
53:42 Watch Tower
53:42 Watch Tower
53:43 Watch Tower
53:44 Watch Tower
53:45 Watch Tower
53:46 Watch Tower
53:47 Watch Tower
53:48 Watch Tower
67:57 Barracks
» items
| Healing Salve | 1 | |
| Lesser Clarity Potion | 2 | |
| Boots of Speed | 1 | |
| Staff of Teleportation | 1 | |
| Orb of Lightning | 1 | |
| Scroll of Town Portal | 1 | |
| Tome of Retraining | 1 | |
8 total
dirtmcwordup (
orange | 51 APM | 4085 actions | 79:49)
6 Warden
3 Shadow Strike
3 Blink
6 Priestess of the Moon
1 Searing Arrows
3 Scout
2 Trueshot Aura
» actions
| Assign group hotkey | 21 | |
| Basic commands | 173 | |
| Build / train | 88 | |
| ESC pressed | 2 | |
| Enter build submenu | 33 | |
| Enter hero's abilities submenu | 13 | |
| Give item / drop item | 7 | |
| Right click | 1970 | |
| Select / deselect | 500 | |
| Select group hotkey | 997 | |
| Use ability | 281 | |
4085 total
» units
| Wisp | 29 | |
| Goblin Zeppelin | 1 | |
| Druid of the Talon | 17 | |
47 total
» upgrades
| Ultravision | 1 | |
| Strength of the Wild | 3 | |
| Nature's Blessing | 1 | |
| Well Spring | 1 | |
| Druid of the Talon Training | 2 | |
| Reinforced Hides | 3 | |
| Mark of the Talon | 1 | |
12 total
» buildings
| Altar of Elders | 2 | |
| Moon Well | 13 | |
| Ancient of Wonders | 3 | |
| Tree of Ages | 2 | |
| Hunter's Hall | 1 | |
| Tree of Life | 3 | |
| Ancient of Wind | 2 | |
| Tree of Eternity | 2 | |
| Chimaera Roost | 2 | |
30 total
» build order
00:15 Altar of Elders
00:24 Moon Well
01:44 Moon Well
03:17 Ancient of Wonders
03:56 Tree of Ages
04:00 Moon Well
04:05 Moon Well
05:03 Hunter's Hall
06:20 Tree of Life
06:38 Ancient of Wind
06:54 Moon Well
08:12 Tree of Eternity
09:34 Moon Well
10:55 Chimaera Roost
10:55 Chimaera Roost
20:02 Tree of Life
20:56 Moon Well
20:58 Moon Well
21:01 Ancient of Wind
21:06 Moon Well
21:27 Ancient of Wonders
21:32 Ancient of Wonders
28:19 Moon Well
34:24 Moon Well
37:36 Tree of Life
39:43 Tree of Ages
44:39 Moon Well
44:40 Moon Well
49:14 Altar of Elders
51:23 Tree of Eternity
» items
| Staff of Teleportation | 2 | |
| Boots of Speed | 3 | |
| Orb of Venom | 2 | |
| Tome of Retraining | 1 | |
| Staff of Preservation | 3 | |
11 total
Mata. (
teal | 56 APM | 4484 actions | 79:50)
4 Archmage
2 Blizzard
2 Brilliance Aura
» actions
| Assign group hotkey | 262 | |
| Basic commands | 12 | |
| Build / train | 411 | |
| ESC pressed | 6 | |
| Enter build submenu | 195 | |
| Enter hero's abilities submenu | 4 | |
| Give item / drop item | 5 | |
| Remove unit from queue | 4 | |
| Right click | 1785 | |
| Select / deselect | 1275 | |
| Select group hotkey | 70 | |
| Use ability | 454 | |
4484 total
» units
| Peasant | 43 | |
| Goblin Zeppelin | 3 | |
| Dragonhawk Rider | 6 | |
| Siege Engine | 2 | |
54 total
» upgrades
| Masonry | 3 | |
| Lumber Harvesting | 2 | |
| Barrage | 1 | |
| Cloud | 1 | |
| Storm Hammers | 1 | |
| Plating | 0 | |
| Swords | 1 | |
| Armor | 1 | |
| Animal War Training | 1 | |
11 total
» buildings
| Altar of Kings | 2 | |
| Farm | 12 | |
| Lumber Mill | 2 | |
| Scout Tower | 291 | |
| Arcane Tower | 2 | |
| Guard Tower | 312 | |
| Town Hall | 2 | |
| Keep | 6 | |
| Arcane Vault | 3 | |
| Castle | 2 | |
| Gryphon Aviary | 2 | |
| Blacksmith | 1 | |
| Workshop | 1 | |
| Barracks | 1 | |
639 total
» build order
00:04 Altar of Kings
00:18 Farm
01:04 Lumber Mill
01:13 Scout Tower
01:36 Farm
01:42 Scout Tower
01:44 Arcane Tower
01:45 Arcane Tower
02:09 Guard Tower
02:09 Guard Tower
02:10 Scout Tower
02:15 Farm
02:40 Guard Tower
02:44 Farm
03:48 Town Hall
03:52 Scout Tower
03:52 Scout Tower
04:19 Guard Tower
04:22 Scout Tower
04:22 Guard Tower
04:25 Scout Tower
04:55 Guard Tower
04:58 Scout Tower
04:59 Scout Tower
05:04 Scout Tower
05:05 Scout Tower
05:07 Scout Tower
05:32 Guard Tower
05:32 Guard Tower
05:35 Guard Tower
05:35 Guard Tower
06:02 Guard Tower
06:02 Guard Tower
06:06 Guard Tower
06:07 Scout Tower
06:08 Scout Tower
06:49 Guard Tower
06:50 Scout Tower
06:56 Guard Tower
06:56 Guard Tower
07:04 Farm
07:26 Keep
07:26 Keep
07:26 Keep
07:26 Keep
07:48 Guard Tower
07:48 Guard Tower
08:27 Guard Tower
09:05 Scout Tower
09:05 Scout Tower
09:08 Scout Tower
09:17 Scout Tower
09:17 Scout Tower
09:21 Scout Tower
09:22 Scout Tower
09:30 Scout Tower
09:31 Scout Tower
09:32 Guard Tower
09:32 Guard Tower
09:35 Scout Tower
09:36 Guard Tower
09:36 Guard Tower
09:44 Guard Tower
09:51 Guard Tower
09:51 Guard Tower
10:19 Scout Tower
10:19 Scout Tower
10:20 Scout Tower
10:23 Guard Tower
10:24 Guard Tower
10:25 Scout Tower
10:25 Scout Tower
10:27 Scout Tower
10:33 Guard Tower
11:03 Guard Tower
11:14 Guard Tower
11:15 Guard Tower
11:17 Scout Tower
11:17 Scout Tower
11:18 Scout Tower
11:29 Guard Tower
11:29 Guard Tower
11:36 Scout Tower
11:38 Scout Tower
11:47 Guard Tower
11:47 Guard Tower
11:53 Guard Tower
11:54 Guard Tower
11:55 Scout Tower
11:57 Scout Tower
12:40 Arcane Vault
12:49 Guard Tower
12:50 Scout Tower
12:51 Scout Tower
13:01 Scout Tower
13:01 Scout Tower
13:20 Guard Tower
13:21 Scout Tower
13:24 Scout Tower
13:30 Guard Tower
13:30 Guard Tower
13:31 Scout Tower
13:32 Scout Tower
13:44 Guard Tower
13:45 Guard Tower
13:46 Scout Tower
13:46 Scout Tower
13:59 Guard Tower
13:59 Guard Tower
14:00 Scout Tower
14:02 Scout Tower
14:04 Guard Tower
14:06 Scout Tower
14:06 Scout Tower
14:18 Guard Tower
14:18 Guard Tower
14:23 Scout Tower
14:24 Scout Tower
14:25 Guard Tower
14:25 Guard Tower
14:27 Scout Tower
14:29 Scout Tower
14:39 Arcane Vault
14:42 Guard Tower
14:43 Guard Tower
14:44 Scout Tower
14:57 Guard Tower
14:58 Guard Tower
14:59 Scout Tower
15:00 Scout Tower
15:03 Guard Tower
15:03 Guard Tower
15:04 Scout Tower
15:18 Guard Tower
15:28 Guard Tower
15:28 Guard Tower
15:29 Guard Tower
15:32 Town Hall
15:40 Guard Tower
15:59 Scout Tower
16:00 Scout Tower
16:02 Guard Tower
16:06 Scout Tower
16:07 Scout Tower
16:10 Scout Tower
16:11 Scout Tower
16:36 Scout Tower
16:37 Scout Tower
16:38 Scout Tower
16:39 Scout Tower
16:40 Scout Tower
16:41 Scout Tower
16:43 Guard Tower
16:44 Guard Tower
16:47 Scout Tower
16:47 Scout Tower
17:18 Scout Tower
17:22 Guard Tower
17:22 Guard Tower
17:37 Guard Tower
17:37 Guard Tower
17:41 Scout Tower
17:42 Scout Tower
17:42 Scout Tower
17:43 Scout Tower
17:44 Guard Tower
17:44 Guard Tower
17:51 Scout Tower
17:51 Scout Tower
17:52 Scout Tower
17:54 Castle
17:54 Castle
18:02 Guard Tower
18:02 Guard Tower
18:03 Scout Tower
18:04 Scout Tower
18:04 Scout Tower
18:05 Scout Tower
18:16 Guard Tower
18:16 Guard Tower
18:18 Scout Tower
18:19 Scout Tower
18:19 Scout Tower
18:20 Scout Tower
18:20 Scout Tower
18:21 Scout Tower
18:23 Guard Tower
19:17 Guard Tower
19:19 Scout Tower
19:20 Scout Tower
19:20 Scout Tower
19:26 Guard Tower
19:27 Scout Tower
19:29 Guard Tower
19:29 Guard Tower
19:50 Guard Tower
20:02 Guard Tower
20:31 Gryphon Aviary
20:34 Gryphon Aviary
20:44 Blacksmith
21:10 Guard Tower
21:12 Scout Tower
21:12 Scout Tower
21:13 Scout Tower
21:22 Scout Tower
21:42 Guard Tower
22:03 Workshop
22:07 Guard Tower
22:07 Guard Tower
22:11 Farm
22:13 Farm
22:13 Farm
22:15 Farm
22:45 Scout Tower
22:45 Scout Tower
22:46 Scout Tower
22:47 Scout Tower
23:19 Arcane Vault
23:29 Guard Tower
23:32 Scout Tower
23:33 Scout Tower
23:34 Scout Tower
24:10 Guard Tower
24:17 Guard Tower
24:18 Guard Tower
24:34 Scout Tower
24:36 Scout Tower
24:37 Scout Tower
24:37 Scout Tower
24:54 Guard Tower
24:55 Guard Tower
25:38 Guard Tower
25:38 Guard Tower
25:38 Guard Tower
25:41 Scout Tower
25:43 Scout Tower
25:43 Scout Tower
25:46 Scout Tower
26:16 Scout Tower
26:17 Scout Tower
26:18 Scout Tower
26:19 Scout Tower
26:19 Scout Tower
26:24 Scout Tower
26:25 Scout Tower
26:26 Scout Tower
26:27 Scout Tower
26:28 Scout Tower
26:37 Guard Tower
26:46 Scout Tower
26:47 Scout Tower
26:48 Scout Tower
26:49 Scout Tower
27:08 Guard Tower
27:08 Guard Tower
28:13 Guard Tower
28:16 Guard Tower
28:16 Guard Tower
28:40 Scout Tower
28:47 Scout Tower
28:47 Scout Tower
28:48 Scout Tower
28:52 Scout Tower
28:56 Scout Tower
28:56 Scout Tower
28:58 Guard Tower
29:01 Scout Tower
29:02 Scout Tower
29:03 Scout Tower
29:03 Scout Tower
29:05 Scout Tower
29:05 Scout Tower
29:08 Guard Tower
29:34 Guard Tower
29:34 Guard Tower
29:50 Barracks
29:51 Guard Tower
29:52 Guard Tower
29:53 Guard Tower
29:54 Guard Tower
29:56 Scout Tower
29:57 Scout Tower
29:57 Scout Tower
29:59 Scout Tower
30:00 Scout Tower
30:00 Scout Tower
30:04 Guard Tower
30:28 Guard Tower
30:28 Guard Tower
30:57 Guard Tower
30:57 Guard Tower
31:13 Lumber Mill
31:38 Scout Tower
31:38 Scout Tower
31:40 Scout Tower
31:49 Scout Tower
31:51 Scout Tower
31:52 Scout Tower
31:53 Scout Tower
31:55 Scout Tower
32:01 Scout Tower
32:02 Scout Tower
32:03 Scout Tower
32:03 Scout Tower
32:04 Scout Tower
32:05 Scout Tower
32:29 Guard Tower
32:29 Guard Tower
32:39 Guard Tower
32:41 Scout Tower
32:43 Scout Tower
32:44 Scout Tower
32:45 Scout Tower
32:45 Scout Tower
32:48 Guard Tower
32:48 Guard Tower
33:00 Guard Tower
33:11 Guard Tower
33:30 Guard Tower
33:30 Guard Tower
33:37 Scout Tower
33:38 Scout Tower
33:53 Guard Tower
34:13 Guard Tower
34:14 Scout Tower
34:14 Scout Tower
34:15 Scout Tower
34:18 Guard Tower
34:18 Guard Tower
34:25 Guard Tower
34:27 Guard Tower
34:28 Guard Tower
35:06 Farm
35:07 Farm
35:08 Farm
35:25 Guard Tower
35:28 Guard Tower
35:32 Scout Tower
35:48 Guard Tower
36:30 Altar of Kings
36:46 Scout Tower
36:47 Scout Tower
36:49 Scout Tower
37:01 Scout Tower
37:02 Scout Tower
37:06 Scout Tower
37:08 Scout Tower
37:09 Scout Tower
37:13 Scout Tower
37:15 Scout Tower
37:16 Scout Tower
37:23 Scout Tower
37:25 Scout Tower
37:25 Scout Tower
37:26 Scout Tower
37:28 Scout Tower
37:30 Scout Tower
37:37 Guard Tower
37:51 Guard Tower
37:51 Guard Tower
37:53 Guard Tower
38:01 Guard Tower
38:01 Guard Tower
38:05 Guard Tower
38:21 Guard Tower
38:21 Guard Tower
38:27 Guard Tower
38:28 Guard Tower
38:39 Guard Tower
38:39 Guard Tower
38:43 Guard Tower
38:44 Guard Tower
38:51 Scout Tower
38:52 Scout Tower
38:53 Scout Tower
39:19 Guard Tower
39:19 Guard Tower
39:23 Scout Tower
39:25 Scout Tower
39:27 Scout Tower
39:28 Scout Tower
39:33 Guard Tower
40:07 Guard Tower
40:07 Guard Tower
40:07 Guard Tower
40:10 Guard Tower
40:10 Guard Tower
40:13 Scout Tower
40:14 Scout Tower
40:15 Scout Tower
40:16 Scout Tower
40:17 Scout Tower
40:24 Guard Tower
40:25 Guard Tower
41:08 Guard Tower
41:10 Guard Tower
41:11 Guard Tower
41:39 Guard Tower
41:56 Guard Tower
41:56 Guard Tower
41:56 Guard Tower
41:59 Guard Tower
42:27 Guard Tower
42:27 Guard Tower
43:21 Scout Tower
43:22 Scout Tower
43:23 Scout Tower
43:25 Scout Tower
43:27 Scout Tower
43:30 Scout Tower
43:31 Scout Tower
43:32 Scout Tower
43:34 Scout Tower
43:34 Scout Tower
43:38 Scout Tower
43:39 Scout Tower
43:40 Scout Tower
43:41 Scout Tower
43:44 Scout Tower
43:46 Scout Tower
43:47 Scout Tower
43:48 Scout Tower
43:49 Scout Tower
45:49 Guard Tower
45:49 Guard Tower
45:54 Guard Tower
45:55 Guard Tower
47:30 Guard Tower
47:30 Guard Tower
47:32 Scout Tower
47:59 Guard Tower
48:02 Guard Tower
48:02 Guard Tower
48:08 Guard Tower
48:08 Guard Tower
48:33 Scout Tower
48:33 Scout Tower
48:35 Scout Tower
49:10 Guard Tower
49:10 Guard Tower
49:12 Guard Tower
49:14 Scout Tower
49:14 Scout Tower
49:15 Scout Tower
49:15 Scout Tower
49:16 Scout Tower
49:17 Scout Tower
49:26 Scout Tower
49:27 Scout Tower
49:31 Scout Tower
49:31 Scout Tower
49:32 Scout Tower
51:06 Guard Tower
51:14 Scout Tower
51:15 Scout Tower
51:21 Scout Tower
51:22 Scout Tower
51:23 Scout Tower
51:24 Scout Tower
51:24 Scout Tower
51:25 Scout Tower
51:26 Scout Tower
51:28 Scout Tower
51:28 Scout Tower
51:29 Scout Tower
51:30 Scout Tower
51:31 Scout Tower
51:38 Scout Tower
51:39 Scout Tower
51:42 Scout Tower
51:43 Scout Tower
51:43 Scout Tower
51:49 Guard Tower
51:50 Guard Tower
51:58 Scout Tower
51:59 Scout Tower
52:00 Scout Tower
52:01 Scout Tower
52:08 Guard Tower
52:08 Guard Tower
52:08 Guard Tower
52:21 Scout Tower
52:24 Scout Tower
52:28 Guard Tower
52:28 Guard Tower
52:31 Scout Tower
52:32 Scout Tower
52:33 Scout Tower
52:36 Guard Tower
52:37 Guard Tower
52:37 Guard Tower
52:38 Guard Tower
52:38 Guard Tower
52:40 Scout Tower
52:40 Scout Tower
52:45 Scout Tower
52:45 Scout Tower
52:49 Guard Tower
52:49 Guard Tower
52:56 Guard Tower
52:57 Guard Tower
53:07 Guard Tower
53:07 Guard Tower
53:08 Guard Tower
53:13 Guard Tower
53:13 Guard Tower
53:15 Scout Tower
53:16 Scout Tower
53:16 Scout Tower
53:17 Guard Tower
53:18 Guard Tower
53:23 Scout Tower
53:26 Scout Tower
53:27 Guard Tower
53:27 Guard Tower
53:34 Guard Tower
54:50 Guard Tower
54:50 Guard Tower
55:01 Scout Tower
55:02 Scout Tower
55:04 Scout Tower
55:04 Scout Tower
55:06 Scout Tower
55:16 Scout Tower
55:17 Scout Tower
55:17 Scout Tower
55:18 Scout Tower
55:19 Scout Tower
55:20 Scout Tower
55:21 Scout Tower
55:22 Scout Tower
55:25 Scout Tower
55:27 Scout Tower
55:28 Scout Tower
55:50 Guard Tower
55:50 Guard Tower
56:20 Guard Tower
56:21 Guard Tower
56:27 Scout Tower
56:28 Scout Tower
56:44 Guard Tower
56:44 Guard Tower
58:57 Guard Tower
58:58 Guard Tower
60:07 Guard Tower
» items
| Potion of Healing | 1 | |
| Scroll of Town Portal | 2 | |
| Staff of Teleportation | 1 | |
4 total
team 2 (loser)
BenderRodriguez (
red | 75 APM | 4989 actions | 66:51)
6 Blademaster
3 Wind Walk
2 Critical Strike
1 Bladestorm
5 Shadow Hunter
3 Healing Wave
2 Hex
» actions
| Assign group hotkey | 39 | |
| Basic commands | 262 | |
| Build / train | 76 | |
| ESC pressed | 7 | |
| Enter build submenu | 27 | |
| Enter hero's abilities submenu | 11 | |
| Give item / drop item | 7 | |
| Remove unit from queue | 1 | |
| Right click | 2722 | |
| Select / deselect | 896 | |
| Select group hotkey | 736 | |
| Use ability | 205 | |
4989 total
» units
| Peon | 7 | |
| Grunt | 6 | |
| Goblin Shredder | 1 | |
| Shaman | 5 | |
| Tauren | 4 | |
| Spirit Walker | 5 | |
| Goblin Zeppelin | 5 | |
| Demolisher | 3 | |
| Troll Batrider | 4 | |
40 total
» upgrades
| Spiked Barricades | 1 | |
| Berserker Strength | 1 | |
| Shaman Training | 2 | |
| Armor | 3 | |
| Melee Weapons | 1 | |
| Spirit Walker Training | 2 | |
| Pulverize | 1 | |
| Burning Oil | 1 | |
| Liquid Fire | 1 | |
13 total
» buildings
| Altar of Storms | 1 | |
| Orc Burrow | 8 | |
| Barracks | 1 | |
| War Mill | 1 | |
| Stronghold | 1 | |
| Spirit Lodge | 2 | |
| Watch Tower | 4 | |
| Fortress | 1 | |
| Tauren Totem | 3 | |
| Beastiary | 2 | |
| Voodoo Lounge | 1 | |
25 total
» build order
00:04 Altar of Storms
00:22 Orc Burrow
00:52 Barracks
01:46 War Mill
02:36 Stronghold
02:56 Orc Burrow
04:44 Orc Burrow
05:15 Spirit Lodge
06:01 Watch Tower
06:04 Watch Tower
07:49 Fortress
08:11 Orc Burrow
09:25 Watch Tower
09:28 Watch Tower
11:13 Tauren Totem
11:16 Tauren Totem
11:26 Tauren Totem
11:40 Spirit Lodge
11:45 Orc Burrow
13:31 Orc Burrow
16:00 Orc Burrow
16:41 Orc Burrow
38:32 Beastiary
38:36 Beastiary
40:21 Voodoo Lounge
» items
| Lesser Clarity Potion | 1 | |
| Potion of Healing | 1 | |
| Boots of Speed | 1 | |
| Scroll of Healing | 2 | |
| Potion of Lesser Invulnerability | 1 | |
| Staff of Teleportation | 1 | |
7 total
dr.gr33N (
purple | 63 APM | 5003 actions | 79:49)
5 Warden
3 Shadow Strike
2 Blink
» actions
| Assign group hotkey | 162 | |
| Basic commands | 161 | |
| Build / train | 90 | |
| Enter build submenu | 26 | |
| Enter hero's abilities submenu | 5 | |
| Give item / drop item | 1 | |
| Right click | 2474 | |
| Select / deselect | 631 | |
| Select group hotkey | 1333 | |
| Use ability | 120 | |
5003 total
» units
| Wisp | 17 | |
| Chimaera | 32 | |
| Hippogryph | 10 | |
| Goblin Zeppelin | 2 | |
| Kodo Beast | 1 | |
| Wind Rider | 7 | |
| Shaman | 2 | |
71 total
» upgrades
| Corrosive Breath | 1 | |
| Strength of the Wild | 3 | |
| Ultravision | 1 | |
| Melee Weapons | 1 | |
6 total
» buildings
| Altar of Elders | 1 | |
| Moon Well | 9 | |
| Tree of Ages | 1 | |
| Tree of Eternity | 1 | |
| Ancient of Wind | 1 | |
| Hunter's Hall | 1 | |
| Chimaera Roost | 6 | |
| Tree of Life | 1 | |
21 total
» build order
00:11 Altar of Elders
00:16 Moon Well
01:44 Moon Well
02:15 Tree of Ages
03:52 Moon Well
04:35 Moon Well
04:38 Tree of Eternity
04:40 Ancient of Wind
05:28 Moon Well
05:33 Hunter's Hall
06:24 Moon Well
07:01 Chimaera Roost
07:01 Chimaera Roost
07:02 Chimaera Roost
08:01 Chimaera Roost
10:32 Tree of Life
14:42 Moon Well
19:18 Moon Well
19:20 Moon Well
35:40 Chimaera Roost
35:41 Chimaera Roost
» items
| Boots of Speed | 1 | |
| Staff of Teleportation | 1 | |
| Scroll of Healing | 1 | |
| Scroll of Town Portal | 1 | |
| Scroll of Speed | 1 | |
5 total
thisgameowns (
blue | 117 APM | 7839 actions | 66:54)
7 Tauren Chieftain
3 Endurance Aura
3 Shockwave
1 Reincarnation
6 Shadow Hunter
2 Hex
3 Healing Wave
1 Big Bad Voodoo
» actions
| Assign group hotkey | 358 | |
| Basic commands | 719 | |
| Build / train | 165 | |
| ESC pressed | 5 | |
| Enter build submenu | 36 | |
| Enter hero's abilities submenu | 13 | |
| Give item / drop item | 24 | |
| Right click | 2591 | |
| Select / deselect | 1200 | |
| Select group hotkey | 2335 | |
| Use ability | 391 | |
7839 total
» units
| Peon | 67 | |
| Grunt | 6 | |
| Raider | 4 | |
| Wind Rider | 14 | |
| Kodo Beast | 1 | |
| Shaman | 6 | |
| Troll Witch Doctor | 3 | |
| Goblin Zeppelin | 1 | |
102 total
» upgrades
| Berserker Strength | 1 | |
| Ensnare | 1 | |
| Armor | 3 | |
| Envenomed Spears | 1 | |
| Pillage | 1 | |
| Melee Weapons | 1 | |
| Reinforced Defenses | 1 | |
| Shaman Training | 2 | |
| Ranged Weapons | 3 | |
| Witch Doctor Training | 2 | |
| War Drums Damage Increase | 1 | |
17 total
» buildings
| Altar of Storms | 1 | |
| Orc Burrow | 6 | |
| Barracks | 1 | |
| Stronghold | 1 | |
| Voodoo Lounge | 4 | |
| War Mill | 2 | |
| Watch Tower | 8 | |
| Beastiary | 3 | |
| Great Hall | 5 | |
| Fortress | 1 | |
| Spirit Lodge | 2 | |
34 total
» build order
00:04 Altar of Storms
00:11 Orc Burrow
00:47 Barracks
01:22 Orc Burrow
02:40 Stronghold
02:55 Voodoo Lounge
03:17 War Mill
03:59 Orc Burrow
04:44 Watch Tower
05:33 Beastiary
05:53 Great Hall
06:30 Beastiary
06:58 Orc Burrow
08:50 Fortress
10:38 Watch Tower
10:52 Spirit Lodge
12:53 Spirit Lodge
13:07 Beastiary
14:08 Orc Burrow
14:58 Great Hall
16:42 Orc Burrow
22:39 Watch Tower
25:41 Great Hall
26:39 Watch Tower
26:43 Watch Tower
27:55 Voodoo Lounge
27:56 Voodoo Lounge
30:51 Watch Tower
30:55 Watch Tower
30:57 Watch Tower
31:16 Great Hall
31:57 War Mill
32:10 Great Hall
36:54 Voodoo Lounge
» items
| Healing Salve | 5 | |
| Scroll of Speed | 2 | |
| Lesser Clarity Potion | 2 | |
| Potion of Healing | 3 | |
| Scroll of Healing | 1 | |
| Potion of Lesser Invulnerability | 2 | |
| Orb of Lightning | 1 | |
| Staff of Teleportation | 2 | |
| Boots of Speed | 2 | |
20 total
Chat log
(00:14 / Allies) Mata.: differentiation measures how much the graph leans or whatever you wanna call it
(00:20 / Allies) bLinn: the big S
(00:22 / Allies) Mata.: s is integration
(00:29 / Allies) Mata.: differentiation si the dy/dx thing
(00:46 / Allies) Mata.: blinn is dfw
(01:16 / Allies) Mata.: whip scouted
(01:21 / Allies) bLinn: ghost ride the wisp
(01:25 / Allies) Mata.: i'll expo && work on iselands.
(01:51 / Allies) Mata.: new radiohead album is really god
(01:52 / Allies) Mata.: good
(01:59 / Allies) Mata.: in rainbows
(02:01 / Allies) Mata.: in_rainbows
(02:03 / Allies) Mata.: in rain_bows
(02:22 / Allies) Mata.: the stripes are fine
(05:26 / Allies) Mata.: warden can solow it
(07:59 / Allies) bLinn: sorry dad came in & started talking
(08:03 / Allies) bLinn: then i got hexed and couldn't do anythin
(08:19 / Allies) bLinn: need more lumba
(10:57 / Allies) Mata.: need somelumber
(15:45 / Allies) Mata.: everyone gets 1 islands
(15:53 / Allies) Mata.: if you don't take in next 5 min
(15:55 / Allies) Mata.: i take it instead
(16:02 / Allies) bLinn: a deal is made
(17:11 / Allies) Mata.: idc
(17:12 / Allies) Mata.: top isn't done yet
(17:16 / Allies) Mata.: still cooking
(17:27 / Allies) Mata.: again idc
(17:47 / Allies) Mata.: okay top is done
(18:41 / Allies) Mata.: my base is done
(18:44 / Allies) Mata.: no bats
(18:49 / Allies) Mata.: dont
(18:50 / Allies) Mata.: god damn
(19:07 / Allies) Mata.: dont
(19:54 / Allies) Mata.: ok good
(19:58 / Allies) Mata.: 5 mins were up
(20:52 / Allies) Mata.: what do you need it for
(21:03 / Allies) Mata.: why have you 4 peoned mined
(21:04 / Allies) Mata.: all game
(21:07 / Allies) Mata.: build tech on your island
(21:17 / Allies) Mata.: yes blinn all other mines are out
(23:26 / Allies) Mata.: wtg
(23:27 / Allies) Mata.: timg
(23:37 / Allies) Mata.: you lost us the game
(23:51 / Allies) Mata.: now they're going to try and kill islands before mains probably
(23:53 / Allies) Mata.: and lose all their shit
(23:57 / Allies) Mata.: and leave
(26:04 / Allies) Mata.: pay for em
(27:20 / Allies) Mata.: dont defend it blinn
(27:29 / Allies) Mata.: if they don't kill that base i'm leaving
(31:39 / All) dr.gr33N: just leave
(31:42 / All) dr.gr33N: u 12year old kids
(33:39 / All) BenderRodriguez: gg
(33:42 / All) Mata.: gg
(33:46 / All) dirtmcwordup: quit? hahaa
(33:51 / All) BenderRodriguez: no
(33:52 / All) dr.gr33N: no u guys are so done
(33:53 / All) dr.gr33N: rofl
(34:01 / All) Mata.: oh i thought you were giving up already
(34:07 / All) BenderRodriguez: you lost foo
(34:10 / All) Mata.: game is about to start
(34:23 / All) bLinn: prepare urself...
(34:35 / Allies) Mata.: heck yeah
(35:17 / Allies) Mata.: island invasions are like my fav thing
(35:45 / Allies) Mata.: yes
(35:54 / Allies) Mata.: steams like it
(36:34 / Allies) Mata.: my base a little city
(36:44 / Allies) Mata.: i havent much room so make it blinnes
(38:10 / All) Mata.: do you like long games
(38:16 / All) dr.gr33N: ROFL
(38:25 / All) bLinn: do you like Huey Lewis and the News?
(38:59 / All) Mata.: could you stick to one base please
(39:02 / All) Mata.: that way you can atleast take one
(39:56 / All) Mata.: top is easiest by far
(39:57 / All) Mata.: hit that okay
(41:04 / Allies) Mata.: was killing some whips
(41:35 / Allies) Mata.: hmmm
(41:37 / Allies) Mata.: we played him before
(42:51 / All) Mata.: way to go you fucked up
(42:55 / All) Mata.: now you can't win
(43:07 / All) thisgameowns: maybe we will go afk
(43:07 / All) Mata.: why attack the orc base that contains bats
(43:20 / All) dr.gr33N: yah afk pzz
(43:31 / All) dirtmcwordup: ok go afk we kill your base in 5 minutes
(43:36 / All) dirtmcwordup: gg thx for playing
(43:40 / All) dr.gr33N: gg thx
(45:02 / All) dirtmcwordup: r u going afk
(45:20 / All) dirtmcwordup: am gonna kill all u now
(46:15 / Allies) Mata.: a random item should drop
(49:02 / Allies) Mata.: sfall would make it impossible to land
(49:47 / Allies) Mata.: hopefully we lose an island
(49:48 / Allies) Mata.: but idoubt it
(50:54 / Allies) Mata.: he cant hex anymore really
(53:10 / Allies) Mata.: dis agree
(54:24 / All) dirtmcwordup: haha why u stop hitting top haha
(54:36 / All) dirtmcwordup: idiot i have like 1/10 the tower up there
(55:25 / All) BenderRodriguez: this how you win all your games or this just a strat for this map
(55:38 / All) Mata.: we didn't want to win
(55:48 / All) Mata.: we wanted to have sweet fights on the islands but you guys were too noob
(56:16 / All) Mata.: we're killing top for you
(57:14 / All) thisgameowns: leave :D
(57:23 / All) dr.gr33N: yah leave man
(57:27 / All) dr.gr33N: wtf u guys dont need the win
(57:31 / All) dr.gr33N: i do
(57:39 / All) bLinn: tell us why you do and maybe
(57:39 / Allies) Mata.: this guy needs da winnn
(57:44 / All) dr.gr33N: i need 3 wins for ench icon
(57:47 / All) dr.gr33N: cmon man
(62:31 / All) thisgameowns: both my guys went afk
(62:36 / Allies) Mata.: tabbed
(66:52 / All) thisgameowns: gg
(68:01 / Allies) Mata.: i am all about yomping
(68:13 / Allies) Mata.: not going to be easy
(68:18 / Allies) Mata.: you can yomp gap though
(69:00 / Allies) Mata.: idc do it
(69:53 / Allies) Mata.: sigh
(70:02 / Allies) Mata.: 2 other guys who were in my tournament bracket thing just forfeited
(70:10 / Allies) Mata.: you don't have
(70:12 / Allies) Mata.: mirror image
(71:15 / Allies) Mata.: cant hear you
(71:19 / Allies) Mata.: <><><>
(71:44 / Allies) Mata.: a good yomp
(72:21 / Allies) Mata.: yomp from there
(72:23 / Allies) Mata.: wait
(72:31 / Allies) Mata.: now yomp
(72:45 / Allies) Mata.: what yomp was that
(72:47 / Allies) Mata.: the delta yomp?
(73:14 / Allies) Mata.: manamage
(73:38 / Allies) Mata.: :-)
(73:53 / Allies) Mata.: can you jump all the way down
(73:54 / Allies) Mata.: to the water
(74:19 / Allies) Mata.: sending dott
(75:37 / Allies) Mata.: idunno
(75:41 / Allies) Mata.: can you yomp
(75:43 / Allies) Mata.: frmo down there
(75:47 / Allies) Mata.: not bad
(75:58 / Allies) Mata.: i just switch ally colors in replay
(76:03 / Allies) Mata.: so it looks like its the eral one
(76:10 / All) dr.gr33N: LOL u guys are still
(76:11 / All) dr.gr33N: not leaving
(76:27 / Allies) Mata.: shittyey
(76:40 / Allies) Mata.: you have to get images out first
(76:42 / Allies) Mata.: dumbo
(76:57 / Allies) Mata.: oh it's connected
(76:59 / Allies) Mata.: that's not so much fun then
(78:00 / Allies) Mata.: ok
(78:01 / Allies) Mata.: i think that's it
(78:19 / Allies) Mata.: underwater dott
(78:27 / Allies) Mata.: warden too
(78:45 / Allies) Mata.: sending another bus of workers
(79:13 / Allies) Mata.: go fo it
(79:18 / Allies) Mata.: another shipment coming in
(79:24 / Allies) Mata.: dang i didnt see it
(79:28 / Allies) Mata.: did it go thru cliff
(79:48 / Allies) Mata.: crazy.